 Dungeon Crawl Stone Soup version 0.19.4 (webtiles) character file.

17949 Jerry the Grappler (level 12, -7/120 HPs)
             Began as a Troll Monk on Jan 30, 2017.
             Mangled by an 11-headed hydra (10 damage)
             ... on level 5 of the Lair of Beasts.
             The game lasted 00:36:17 (11033 turns).

Jerry the Grappler (Troll Monk)                    Turns: 11033, Time: 00:36:18

Health: -7/120     AC: 10    Str: 27    XL:     12   Next: 23%
Magic:  12/12      EV: 24    Int:  6    God:
Gold:   908        SH:  0    Dex: 16    Spells: 2 memorised, 7 levels left

rFire  + . .     SeeInvis +       - Unarmed
rCold  + . .     Gourm    +     Q - +2 robe {rC+}
rNeg   . . .     Faith    .     (no shield)
rPois  +         Spirit   .     c - +2 hat
rElec  +         Reflect  .     K - +0 cloak
rCorr  .         Harm     .     (gloves unavailable)
MR     .....     Clarity  +     (boots unavailable)
Stlth  ++........               j - amulet of magic regeneration
                                N - ring of Shaolin {EV+8}
                                G - ring of Harmony {rElec rPois SInv}

@: mighty
A: unfitting armour, claws 3, horns 1, clarity, fire resistance 1, fast
metabolism 3, gourmand, low mp 1, regeneration 1, shaggy fur 1, tough skin 2
a: no special abilities


You were on level 5 of the Lair of Beasts.
You were completely stuffed.

You visited 3 branches of the dungeon, and saw 16 of its levels.
You also visited: Labyrinth.

You collected 1273 gold pieces.
You spent 365 gold pieces at shops.

Inventory:

Armour
 c - a +2 hat (worn)
 K - a +0 cloak (worn)
 Q - a +2 robe of cold resistance (worn)
Jewellery
 j - an amulet of magic regeneration (around neck)
 G - the ring of Harmony (left claw) {rElec rPois SInv}
   (You bought it in a shop on level 7 of the Dungeon)

   [ring of see invisible]

   It insulates you from electricity.
   It protects you from poison.
   It lets you see invisible.
 N - the ring of Shaolin (right claw) {EV+8}
   (You found it in a labyrinth)

   [ring of evasion]

   It affects your evasion (+8).
Wands
 a - a wand of digging (17/24)
 u - a wand of enslavement (17/24)
 J - a wand of confusion (32/48)
Scrolls
 e - 2 scrolls of fog
 i - 4 scrolls of blinking
 l - 4 scrolls of enchant armour
 m - a scroll of identify
 n - 2 scrolls of amnesia
 o - 3 scrolls of remove curse
 w - 2 scrolls of immolation
 x - 3 scrolls of magic mapping
 y - 2 scrolls of enchant weapon
 D - 6 scrolls of teleportation
 H - a scroll of recharging
 L - a scroll of acquirement {unknown}
Potions
 h - 2 potions of haste
 k - 8 potions of curing
 p - a potion of lignification
 q - 2 potions of resistance
 r - a potion of agility
 t - 2 potions of brilliance
 z - a potion of flight
 C - a potion of mutation
 E - a potion of cancellation {unknown}
 F - 3 potions of cure mutation {unknown}
Miscellaneous
 T - a disc of storms
Comestibles
 b - 11 bread rations
 d - 2 slices of pizza
 f - 11 meat rations
 g - 7 fruits
 s - 5 beef jerkies
 A - 6 chunks of flesh


   Skills:
 + Level 8.3 Fighting
 + Level 9.0 Dodging
 - Level 1.0 Stealth
 * Level 14.0 Unarmed Combat
 + Level 3.4 Evocations


You had 7 spell levels left.
You knew the following spells:

 Your Spells              Type           Power        Failure   Level  Hunger
a - Repel Missiles        Chrm/Air       #.....       77%         2    ###....
b - Blink                 Tloc           N/A          77%         2    ###....


Dungeon Overview and Level Annotations

Branches:
Dungeon (10/15)            Temple (1/1) D:5            Lair (5/6) D:10
 Spider (0/4) Lair:3
  Swamp: Lair:2-4    Shoals: Lair:2-4     Slime: Lair:5-6       Orc: D:9-12

Altars:
Ashenzari
Cheibriados
Dithmenos
Elyvilon
Fedhas
Gozag
Hepliaklqana
Kikubaaqudgha
Makhleb
Nemelex Xobeh
Okawaru
Qazlal
Ru
Sif Muna
Trog
Uskayaw
Vehumet
Xom
Yredelemnul
Zin
The Shining One

Shops:
D:6 %   D:7 =   D:9 (*=[   D:10 }:

Annotations:
Lair:2 exclusion: oklob plant


Innate Abilities, Weirdness & Mutations

You are too large for most types of armour.
You have claws for hands.
Your metabolism is lightning-fast.
You like to eat raw meat.
Your natural rate of healing is unusually fast.
You are covered in fur. (AC +1)
You have very tough skin. (AC +2)
You have a pair of small horns on your head.
You possess an exceptional clarity of mind.
Your flesh is heat resistant. (rF+)
Your magical capacity is low. (-10% MP)


Message History

* * * LOW HITPOINT WARNING * * *
The 11-headed hydra bites you but does no damage. x2
The 11-headed hydra completely misses you.
The 11-headed hydra misses you.
The 11-headed hydra completely misses you.
You barely miss the 11-headed hydra.
Your headbutt misses the 11-headed hydra.
The 11-headed hydra is almost dead.
The 11-headed hydra bites you.
* * * LOW HITPOINT WARNING * * *
The 11-headed hydra bites you but does no damage.
The 11-headed hydra bites you!
* * * LOW HITPOINT WARNING * * *
The 11-headed hydra completely misses you.
The 11-headed hydra bites you!
* * * LOW HITPOINT WARNING * * *
The 11-headed hydra closely misses you. The 11-headed hydra bites you!
* * * LOW HITPOINT WARNING * * *
The 11-headed hydra closely misses you. The 11-headed hydra bites you!
You die...

#. ... # ....
#### ## .#
....##..##P#.#.
...............
...............
...............
.....P.@..<....
....##P.D......
# #P........
....#####.
##P#.# ## ##


You could see a 11-headed hydra.

Vanquished Creatures
  The ghost of maxonian the Frost Mage, a journeyman DgIE (Lair:3)
  A minotaur (Lab)
  The ghost of soukkis the Cleaver, a novice HOMo of Beogh (D:10)
  An unseen horror (D:10)
  2 black mambas
  7 spiny frogs
  A gargoyle (D:10)
  A komodo dragon (Lair:4)
  2 rime drakes
  The ghost of soukkis the Cudgeler, an amateur TrFi of Qazlal (D:5)
  A two-headed ogre (D:10)
  10 blink frogs
  2 hippogriffs
  A wyvern (D:10)
  2 basilisks (Lair:3)
  14 yaks
  2 hungry ghosts (D:8)
  A warg (D:10)
  6 water moccasins
  A sky beast (D:6)
  3 porcupines
  A black bear (D:10)
  3 orc warriors
  3 ice beasts
  3 phantoms
  An ogre (D:7)
  9 wolves
  2 centaurs
  3 crocodiles
  10 bullfrogs
  4 scorpions
  10 killer bees
  8 wights
  A howler monkey (D:3)
  5 crimson imps
  A quasit (D:10)
  A bullfrog zombie (D:10)
  A jelly (D:8)
  3 hounds
  2 orc priests (D:10)
  2 gnoll shamans
  12 orc wizards
  3 iguanas
  2 worker ants
  5 hell rats (Lair:4)
  A hound zombie (D:5)
  A hound skeleton (D:7)
  9 gnolls
  6 adders
  2 shadow imps
  2 adder zombies
  An adder skeleton (D:6)
  A dart slug (D:3)
  5 leopard geckos
  35 orcs
  6 giant cockroaches
  5 goblins
  8 hobgoblins
  2 jackals (D:6)
  5 quokkas
  4 bats
  4 frilled lizards (D:1)
  8 kobolds
  A leopard gecko skeleton (D:6)
  5 rats
267 creatures vanquished.

Vanquished Creatures (others)
  4 fungi
  A plant (Lair:3)
5 creatures vanquished.

Grand Total: 272 creatures vanquished

Notes
Turn   | Place    | Note
-------+----------+-------------------------------------------
     0 | D:1      | Jerry the Troll Monk began the quest for the Orb.
     0 | D:1      | Reached XP level 1. HP: 22/22 MP: 0/0
   110 | D:1      | Reached XP level 2. HP: 25/29 MP: 1/1
   696 | D:2      | Found an opulent altar of Gozag.
   702 | D:2      | Reached XP level 3. HP: 36/36 MP: 2/2
  1354 | D:3      | Reached skill level 4 in Unarmed Combat
  1358 | D:3      | Found an iron altar of Okawaru.
  1511 | D:3      | Reached XP level 4. HP: 44/44 MP: 3/3
  2215 | D:3      | Found a deep blue altar of Sif Muna.
  2273 | D:4      | Found a shattered altar of Ashenzari.
  2306 | D:4      | Reached skill level 5 in Unarmed Combat
  2306 | D:4      | Reached XP level 5. HP: 50/50 MP: 4/4
  2391 | D:4      | Found a sacrificial altar of Ru.
  2483 | D:4      | Noticed a phantom
  2508 | D:4      | Killed a phantom
  2508 | D:4      | Reached XP level 6. HP: 47/59 MP: 5/5
  2556 | D:4      | Found a snail-covered altar of Cheibriados.
  2824 | D:4      | Reached skill level 6 in Unarmed Combat
  2963 | D:4      | Reached XP level 7. HP: 65/66 MP: 6/6
  3007 | D:5      | Entered Level 5 of the Dungeon
  3029 | D:5      | Noticed soukkis's ghost (amateur TrFi)
  3038 | D:5      | Killed soukkis's ghost
  3038 | D:5      | Reached skill level 7 in Unarmed Combat
  3447 | D:5      | Reached XP level 8. HP: 78/78 MP: 7/7
  3478 | D:5      | Found a staircase to the Ecumenical Temple.
  3498 | Temple   | Entered the Ecumenical Temple
  3896 | D:5      | Found a hazy altar of Hepliaklqana.
  3960 | D:6      | Found Retiab's Food Boutique.
  4042 | D:6      | Found a sparkling altar of Nemelex Xobeh.
  4187 | D:6      | Reached skill level 5 in Dodging
  4187 | D:6      | Reached skill level 8 in Unarmed Combat
  4195 | D:6      | Gained mutation: Your flesh is heat resistant. (rF+) [mutagenic meat]
  4196 | D:6      | Gained mutation: You have a pair of small horns on your head. [mutagenic meat]
  4197 | D:6      | Gained mutation: You possess an exceptional clarity of mind. [mutagenic meat]
  4198 | D:6      | Gained mutation: Your magical capacity is low. (-10% MP) [mutagenic meat]
  4571 | D:7      | Reached skill level 9 in Unarmed Combat
  4631 | D:7      | Found Pasecem's Jewellery Shoppe.
  4637 | D:7      | Bought the ring of Harmony {rElec rPois SInv} for 365 gold pieces
  4892 | D:7      | Reached XP level 9. HP: 78/87 MP: 7/7
  5108 | D:7      | Reached skill level 5 in Fighting
  5297 | D:7      | Reached skill level 10 in Unarmed Combat
  5606 | D:8      | Found a shimmering altar of Xom.
  6166 | D:8      | Found a glowing silver altar of Zin.
  6167 | D:8      | Noticed an angel
  6579 | D:9      | Reached XP level 10. HP: 97/98 MP: 8/8
  6645 | D:9      | Found Ukluusch's Weapon Boutique.
  6656 | D:9      | Found Ywenyton's General Store.
  6819 | D:9      | Found Fazad's Antique Armour Shoppe.
  6837 | D:9      | Reached skill level 11 in Unarmed Combat
  6918 | D:9      | Found Tatukk's Jewellery Emporium.
  7093 | D:10     | Entered Level 10 of the Dungeon
  7094 | D:10     | Found a sacrificial altar of Ru.
  7335 | D:10     | Noticed soukkis's ghost (novice HOMo)
  7346 | D:10     | Killed soukkis's ghost
  7436 | D:10     | Found Suighihi's Gadget Shop.
  7533 | D:10     | Noticed an unseen horror
  7551 | D:10     | Killed an unseen horror
  7711 | D:10     | Found Yshruh's Book Emporium.
  7716 | D:10     | Reached skill level 12 in Unarmed Combat
  7774 | D:10     | Found a staircase to the Lair.
  7782 | D:10     | Noticed a gargoyle
  7922 | D:10     | Killed a gargoyle
  8196 | Lair:1   | Entered Level 1 of the Lair of Beasts
  8217 | Lair:1   | Found a labyrinth entrance.
  8219 | Lair:1   | Noticed a spiny frog
  8226 | Lair:1   | Killed a spiny frog
  8226 | Lair:1   | Reached XP level 11. HP: 109/109 MP: 8/8
  8235 | Lab      | Entered a labyrinth
  8370 | Lab      | Noticed a minotaur
  8380 | Lab      | Killed a minotaur
  8430 | Lair:1   | Learned a level 2 spell: Repel Missiles
  8433 | Lair:1   | Learned a level 2 spell: Blink
  8813 | Lair:1   | Reached skill level 1 in Evocations
  9019 | Lair:1   | Reached skill level 13 in Unarmed Combat
  9401 | Lair:2   | Noticed an oklob plant
 10202 | Lair:3   | Found a hole to the Spider Nest.
 10411 | Lair:3   | Reached XP level 12. HP: 99/119 MP: 11/11
 10634 | Lair:3   | Noticed maxonian's ghost (journeyman DgIE)
 10658 | Lair:3   | Killed maxonian's ghost
 10706 | Lair:3   | Noticed a seven-headed hydra
 10844 | Lair:4   | Reached skill level 14 in Unarmed Combat
 10963 | Lair:4   | Noticed a five-headed hydra
 10978 | Lair:5   | Noticed an eight-headed hydra
 11033 | Lair:5   | HP: 3/120 [11-headed hydra (9)]
 11033 | Lair:5   | Mangled by an 11-headed hydra

Skill      XL: |  1  2  3  4  5  6  7  8  9 10 11 12 |
---------------+-------------------------------------+-----
Dodging        | 3 4 5 6 7 8 9 |  9.0
Unarmed Combat | 4 5 6 7 9 10 12 13 14 | 14.0
Fighting       | 3 4 6 7 8 |  8.3
Evocations     | 2 3 |  3.4
Stealth        | |  1.0

Action                   |  1- 3 |  4- 6 |  7- 9 | 10-12 || total
-------------------------+-------+-------+-------+-------++-------
Melee: Unarmed           |    74 |    98 |   267 |   440 ||   879
       Punch             |     1 |     3 |    10 |    24 ||    38
       Headbutt          |       |       |    41 |    95 ||   136
Evoke: Wand              |       |       |       |    12 ||    12
  Use: Scroll            |     7 |       |     9 |    12 ||    28
       Potion            |       |       |     1 |     1 ||     2
 Stab: Sleeping          |     4 |     3 |     2 |     3 ||    12
       Distracted        |       |     1 |       |     1 ||     2
  Eat: Chunk             |    15 |    17 |    38 |    46 ||   116
Armor: Robe              |    19 |    32 |    55 |    67 ||   173
Dodge: Dodged            |    30 |    48 |   173 |   387 ||   638
